 Dungeon Crawl Stone Soup version 0.31.0-1-g2c135a0 (webtiles) character file.

Game seed: 1352644357158686018

450 edsrzf the Sneak (level 6, -1/36 HPs)
             Began as a Deep Elf Monk on Jan 29, 2024.
             Incinerated by a bombardier beetle (5 damage)
             ... with a burning spray
             ... on level 4 of the Dungeon on Jan 30, 2024.
             The game lasted 00:07:11 (3790 turns).

edsrzf the Sneak (Deep Elf Monk)                    Turns: 3790, Time: 00:07:11

Health: -1/36      AC:  7    Str:  8    XL:     6   Next: 74%
Magic:  8/8        EV: 13    Int: 17    God:
Gold:   139        SH:  0    Dex: 17    Spells: 5/5 levels left

rFire   . . .        a - +0 falchion
rCold   . . .        d - orb {light}
rNeg    . . .        g - +0 robe
rPois   .            l - +0 helmet
rElec   .            (no cloak)
rCorr   .            (no gloves)
SInv    .            (no boots)
Will    .....        (no amulet)
Stlth   +            h - +4 ring of protection
HPRegen 0.26/turn    q - +4 ring of slaying
MPRegen 0.11/turn

%: no passive effects
@: confused, on fire, ambrosia-drunk, glowing
A: no striking features
a: no special abilities


You were on level 4 of the Dungeon.
You visited 1 branch of the dungeon, and saw 4 of its levels.

You collected 161 gold pieces.
You spent 22 gold pieces at shops.

Inventory:

Hand Weapons
 a - a +0 falchion (weapon)
 b - a +0 dagger
Armour
 d - an orb of light (worn)
 g - a +0 robe (worn)
 l - a +0 helmet (worn)
Jewellery
 h - a +4 ring of protection (left hand)
 i - a ring of flight
 q - a +4 ring of slaying (right hand)
 t - a ring of poison resistance
Wands
 r - a wand of flame (32)
Scrolls
 e - a scroll of noise {unknown}
 f - 2 scrolls of brand weapon {unknown}
 k - 2 scrolls of poison
 m - a scroll of enchant weapon
 n - a scroll of blinking {unknown}
 p - a scroll of revelation {unknown}
 u - a scroll of teleportation {unknown}
 x - a scroll of acquirement {unknown}
Potions
 j - a potion of might {unknown}
 o - a potion of invisibility
 s - 2 potions of enlightenment
 v - a potion of attraction {unknown}
 w - 2 potions of berserk rage {unknown}


   Skills:
 - Level 2.4 Fighting
 + Level 5.3 Long Blades
 - Level 3.6 Dodging
 + Level 6.3 Stealth


You had 5 spell levels left.
You didn't know any spells.
Your spell library contained the following spells:

 Spells                   Type           Power      Damage    Failure   Level
 Necrotise                Necr           0%         1d4       24%         1
 Vampiric Draining        Necr           0%         2d6       56%         3
 Martyr's Knell           Necr/Summ      0%         N/A       93%         4
 Curse of Agony           Necr           0%         N/A       100%        5
 Summon Forest            Summ/Tloc      0%         N/A       100%        5
 Eringya's Noxious Bog    Alch           0%         4d6       100%        6
 Summon Hydra             Summ           0%         N/A       100%        7


Dungeon Overview and Level Annotations

Branches:
Dungeon (4/15)             Temple (0/1) D:4

Altars:
Fedhas
Vehumet

Shops:
D:2 *


Message History

The iguana barely misses you.
You hit the iguana.
The iguana is severely wounded.
The iguana bites you!
You hit the iguana.
The iguana is almost dead.
The iguana closely misses you. The iguana bites you!
You hit the iguana.
The iguana is almost dead.
The iguana closely misses you.
You hit the iguana but do no damage.
The iguana is almost dead.
The iguana barely misses you.
You hit the iguana but do no damage.
The iguana is almost dead.
The iguana barely misses you.
You hit the iguana.
You kill the iguana!
You hit the hobgoblin but do no damage.
The hobgoblin hits you but does no damage.
You slash the hobgoblin!
You kill the hobgoblin!
You slash the endoplasm!
You kill the endoplasm!
You slash the giant cockroach!
You kill the giant cockroach!
You slash the hobgoblin!
You kill the hobgoblin!
A dart slug comes into view.
Things that are here:
a hobgoblin corpse; a hobgoblin corpse; an iguana corpse A ball python comes into view.
The dart slug barely misses you.
You slash the dart slug!
The dart slug is almost dead.
The dart slug barely misses you.
You slash the dart slug!
You kill the dart slug!
You see here a dart slug corpse.
Found a quarterstaff and a sapphire ring.
You slash the ball python!
You kill the ball python!
t - a ring of poison resistance You're wearing all the rings you can.
Remove which one? (? for menu, Esc to cancel) < or
h - a +4 ring of protection; > or
q - a +4 ring of slaying
Okay, then.
Unknown command.
b - a +0 dagger (weapon)
You start resting.
HP restored.
A bombardier beetle comes into view.
An orc wizard comes into view. It is wielding a +0 dagger.
Found a scroll labelled MURGHO GAFU.
An orc comes into view. It is wielding a +0 flail.
The bombardier beetle sprays incendiary fluid at you.
The burning spray misses you.
You hear a shout!
You hit the bombardier beetle.
The bombardier beetle is lightly wounded.
a - a +0 falchion (weapon)
The orc jeers noisily.
The bombardier beetle sprays incendiary fluid at you.
The burning spray hits you.
You are covered in liquid fire!
You hit the bombardier beetle but do no damage.
The bombardier beetle is lightly wounded.
The liquid fire burns you! The orc wizard completely misses you.
You hit the bombardier beetle.
The bombardier beetle is moderately wounded.
The liquid fire burns you!
The bombardier beetle barely misses you.
The orc wizard hits you with a +0 dagger.
You hit the bombardier beetle.
The bombardier beetle is severely wounded.
The liquid fire burns you!
The orc wizard hits you but does no damage.
The bombardier beetle bites you but does no damage.
You hit the bombardier beetle.
The bombardier beetle is almost dead.
The liquid fire burns you!
The orc wizard hits you with a +0 dagger.
You hit the bombardier beetle.
You kill the bombardier beetle!
The liquid fire burns you!
The orc wizard hits you with a +0 dagger.
Okay, then.
You are confused.
You feel invigorated. The liquid fire burns you!
* * * LOW HITPOINT WARNING * * *
The orc hits you with a +0 flail.
The orc wizard gestures at you while chanting.
The magic dart hits you!
* * * LOW HITPOINT WARNING * * *
You slash the orc!
You kill the orc!
The liquid fire burns you!
You die...

###### ##
######
##.#...#.#
.....#
.........#
####.#
##..#....#
#.#
##.#..#...#
#.#
#.#.#.....#
#.# #
#.....#..#
#.# ##
#.###......#
#.####.##
#)@..#....#
#.......#
###o#...#.#
#.##.#.##
#.#..#...#
#.#..# #
?o#.......##
#.#..####
###.........#
#.#.)...#
#####.#...#
#<#.##.##
##.........#
#Y#.##.#
).#........#
#.#.##.#
#.#..#....#


You could see an orc wizard.

Vanquished Creatures
  A phantom (D:4)
  A scorpion (D:4)
  3 bombardier beetles (D:4)
  An iguana (D:4)
  An orc wizard (D:3)
  4 gnolls
  3 adders
  3 dart slugs
  2 ribbon worms
  3 orcs
  7 ball pythons
  8 endoplasms
  3 giant cockroaches
  7 goblins
  8 hobgoblins
  6 jackals
  2 quokkas
  3 bats (D:2)
  2 frilled lizards (D:1)
  10 kobolds
  2 rats (D:2)
80 creatures vanquished.

Notes
Turn   | Place    | Note
-------+----------+-------------------------------------------
     0 | D:1      | edsrzf the Deep Elf Monk began the quest for the Orb.
     0 | D:1      | Reached XP level 1. HP: 13/13 MP: 3/3
    67 | D:1      | Reached skill level 1 in Stealth
   124 | D:1      | Reached skill level 3 in Long Blades
   124 | D:1      | Reached XP level 2. HP: 14/18 MP: 4/4
   504 | D:1      | Reached skill level 2 in Stealth
   954 | D:2      | Found Ompai's Assorted Antiques.
   964 | D:2      | Bought a scroll labelled QIOTING AMIACEO for 22 gold pieces
   974 | D:2      | Identified 2 scrolls of identify
   975 | D:2      | Identified a potion of degeneration
  1148 | D:2      | Reached XP level 3. HP: 22/22 MP: 5/5
  1373 | D:2      | Reached skill level 3 in Stealth
  1945 | D:3      | Found a radiant altar of Vehumet.
  1951 | D:3      | Identified 2 potions of heal wounds
  2040 | D:3      | Reached XP level 4. HP: 27/27 MP: 6/6
  2159 | D:3      | Found a blossoming altar of Fedhas.
  2389 | D:3      | Identified 2 potions of enlightenment
  2390 | D:3      | Identified 2 potions of curing
  2399 | D:3      | Reached skill level 4 in Long Blades
  2399 | D:3      | Reached skill level 4 in Stealth
  2833 | D:4      | Reached XP level 5. HP: 20/31 MP: 7/7
  2979 | D:4      | Identified a potion of invisibility
  3203 | D:4      | Noticed a sky beast
  3296 | D:4      | Reached skill level 5 in Stealth
  3300 | D:4      | Found a staircase to the Ecumenical Temple.
  3304 | D:4      | Noticed a phantom
  3329 | D:4      | Identified 3 scrolls of poison
  3333 | D:4      | Killed a phantom
  3334 | D:4      | Reached XP level 6. HP: 27/36 MP: 8/8
  3403 | D:4      | Reached skill level 5 in Long Blades
  3449 | D:4      | Reached skill level 6 in Stealth
  3790 | D:4      | Incinerated by a bombardier beetle

Illustrated notes

Levels and vault maps discovered:
D:1:      mushboom_english_gardens, layout_loops_corners
D:2:      layout_loops_corners, serial_shops, nicolae_shop_tiny_glass,
          minmay_tromino_v2
D:3:      layout_basic, mainiacjoe_overflow_concentric_impassable,
          vehumet_altar_wand_db, serial_corexii_hall, corexii_hall_statues_i,
          corexii_hall_statues_l, corexii_hall_statues_x
D:4:      layout_loops_ring, minmay_temple_entry_trees,
          minmay_increasing_density

Skill      XL: |  1  2  3  4  5  6 |
---------------+-------------------+-----
Stealth        | 1 2 3 4 5 6 |  6.3
Long Blades    | 3 4 5 |  5.3
Fighting       | |  2.4
Dodging        | |  3.6

Action                     |  1- 3 |  4- 6 || total
---------------------------+-------+-------++-------
  Melee: Falchion          |    93 |    95 ||   188
         Dagger            |    14 |     9 ||    23
    Use: Scroll            |     2 |     2 ||     4
         Potion            |     1 |     6 ||     7
   Stab: Sleeping          |       |     3 ||     3
 Armour: Robe              |    61 |    51 ||   112
  Dodge: Dodged            |    55 |    60 ||   115
